 Dungeon Crawl Stone Soup version 0.25-a0-1007-g10a8c3caa8 (webtiles) character file.

Game seed: 5438003390235331535, levelgen mode: deterministic

190 Flugslaktarn the Chopper (level 5, -3/47 HPs)
             Began as a Minotaur Fighter on May 11, 2020.
             Was an Initiate of Gozag.
             Slain by a sky beast (6 damage)
             ... on level 6 of the Dungeon.
             The game lasted 00:01:31 (2595 turns).

Flugslaktarn the Chopper (Minotaur Fighter)         Turns: 2595, Time: 00:01:32

Health: -3/47      AC:  7    Str: 20    XL:     5   Next: 41%
Magic:  4/4        EV:  7    Int:  5    God:    Gozag
Gold:   131        SH:  9    Dex: 11    Spells: 4/4 levels left

rFire    . . .     SeeInvis .   a - +0 war axe
rCold    . . .     Gourm    .   c - +0 kite shield
rNeg     . . .     Faith    .   b - +0 scale mail
rPois    .         Spirit   .   (helmet restricted)
rElec    .         Reflect  .   (no cloak)
rCorr    .         Harm     .   (no gloves)
MR       .....                  (no boots)
Stlth    ..........             (no amulet)
HPRegen  0.15/turn              (no ring)
MPRegen  0.09/turn              (no ring)

@: no status effects
A: retaliatory headbutt, horns 2
a: Potion Petition, Call Merchant, Bribe Branch, Renounce Religion


You were on level 6 of the Dungeon.
You worshipped Gozag.
Gozag was aware of your devotion.
You were hungry.

You visited 2 branches of the dungeon, and saw 5 of its levels.

You collected 197 gold pieces.
You paid 66 gold pieces to Gozag.

Inventory:

Hand Weapons
 a - a +0 war axe (weapon)
Armour
 b - a +0 scale mail (worn)
 c - a +0 kite shield (worn)
Jewellery
 q - an uncursed amulet of regeneration {unknown}
   (You found it on level 6 of the Dungeon)
Scrolls
 g - 3 scrolls of magic mapping {unknown}
 h - 2 scrolls of fog {unknown}
 j - 2 scrolls of teleportation {unknown}
 m - 2 scrolls of remove curse {unknown}
 o - 3 scrolls of identify {unknown}
 r - a scroll of immolation {unknown}
 s - a scroll of enchant armour {unknown}
 u - a scroll of noise {unknown}
Potions
 f - 2 potions of stabbing {unknown}
 i - a potion of brilliance {unknown}
 k - a potion of resistance {unknown}
 l - 3 potions of mutation {unknown}
 n - a potion of heal wounds {unknown}
 p - a potion of degeneration {unknown}
 t - a potion of curing {unknown}
Comestibles
 e - 4 rations


   Skills:
 + Level 4.7 Fighting
 * Level 4.7 Axes
 + Level 4.6 Armour
 + Level 4.6 Shields


You had 4 spell levels left.
You didn't know any spells.
Your spell library was empty.

Dungeon Overview and Level Annotations

Branches:
Dungeon (6/15)             Temple (1/1) D:6

Altars:
Ashenzari
Fedhas
Gozag
Kikubaaqudgha
Okawaru
Uskayaw
Wu Jian
Yredelemnul
Zin
The Shining One


Innate Abilities, Weirdness & Mutations

You reflexively headbutt those who attack you in melee.
You have a pair of horns on your head.


Message History

Unknown command.
You hear the slow rusting of a very distant drain.
A sky beast appears from thin air!
Reactivating autopickup.
You closely miss the sky beast.
The sky beast is almost dead.
You block the sky beast's attack. The sky beast hits you.
* * * LOW HITPOINT WARNING * * *
The sky beast shocks you.
* * * LOW HITPOINT WARNING * * *
You closely miss the sky beast.
The sky beast is almost dead.
The sky beast hits you but does no damage.
You miss the sky beast.
The sky beast is almost dead.
The sky beast hits you.
* * * LOW HITPOINT WARNING * * *
The sky beast shocks you.
You die...
Your body crumbles into a pile of gold.

#.....# #.. ....
#.....# ### ..#
#.....#### .#
#........# #
###......# #......#
#......# #..Y...#
#..@...# ###'####
######## #####.#
#......# #.....#
#......# #)#####
+......#
#.########.#......#
#...<....#.#......#
###.#.<#.#.#......#
#......#....#####


You could see a sky beast.

Vanquished Creatures
  A crimson imp (D:6)
  A worker ant (D:6)
  Robin (D:2)
  3 adders
  A worm (D:3)
  4 dart slugs
  5 leopard geckos
  3 orcs (D:6)
  4 giant cockroaches
  11 hobgoblins
  2 quokkas
  7 bats
  6 frilled lizards
  15 goblins
  3 kobolds
  6 rats
73 creatures vanquished.

Notes
Turn   | Place    | Note
-------+----------+-------------------------------------------
     0 | D:1      | Flugslaktarn the Minotaur Fighter began the quest for the
                  | Orb.
     0 | D:1      | Reached XP level 1. HP: 19/19 MP: 0/0
   119 | D:1      | Reached XP level 2. HP: 27/27 MP: 1/1
   394 | D:1      | Reached XP level 3. HP: 33/33 MP: 2/2
  1164 | D:2      | Noticed Robin
  1421 | D:2      | Killed Robin
  1421 | D:2      | Reached XP level 4. HP: 33/40 MP: 3/3
  2378 | D:3      | You fall into a shaft and drop 3 floors!
  2378 | D:6      | Found a staircase to the Ecumenical Temple.
  2385 | D:6      | Reached XP level 5. HP: 47/47 MP: 4/4
  2415 | Temple   | Entered the Ecumenical Temple
  2433 | Temple   | Became a worshipper of Gozag Ym Sagoz the Greedy
  2558 | D:6      | Noticed a sky beast
  2595 | D:6      | Slain by a sky beast

Illustrated notes

Levels and vault maps discovered:
D:1:      giann_forest_graveyard, layout_basic
D:2:      layout_loops_cross, uniq_robin
D:3:      layout_loops_corners, minivault_26, minmay_quantized
D:6:      layout_basic, minmay_temple_entry_slanted, ebering_ghost_sewer_f,
          portal_sewer_entry_f, trog_book
Temple:   nicolae_temple_the_god_donut

Skill      XL: |  1  2  3  4 |
---------------+-------------+-----
Axes           | 3 4 |  4.7
Shields        | 4 |  4.6
Armour         | 4 |  4.6
Fighting       | 4 |  4.7

Action                   |  1- 3 |  4- 6 || total
-------------------------+-------+-------++-------
Melee: War axe           |    82 |    77 ||   159
       Headbutt          |    17 |    13 ||    30
  Use: Potion            |     1 |       ||     1
  Eat: Chunk             |     1 |     4 ||     5
Armor: Scale mail        |    49 |    29 ||    78
Dodge: Dodged            |    31 |    18 ||    49
Block: Kite shield       |    72 |    38 ||   110

Table legend:
 A = Non-vault XP
 B = Vault XP
 C = Vault XP percentage of total XP
 D = Non-vault monster count
 E = Vault monster count
 F = Vault count percentage of total count
                 A         B        C        D         E       F
            +---------+---------+-------+---------+---------+-------
      Total |     234 |      38 |  14.0 |      60 |      13 |  17.8
            +---------+---------+-------+---------+---------+-------
        D:1 |      55 |       2 |   3.5 |      29 |       1 |   3.3
        D:2 |      51 |      36 |  41.4 |      15 |      12 |  44.4
        D:3 |      35 |       0 |   0.0 |      11 |       0 |   0.0
        D:6 |      93 |       0 |   0.0 |       5 |       0 |   0.0
            +---------+---------+-------+---------+---------+-------
